Map: Coda LE (Void)

Players

Lethe - Winner!

  • Race: Zerg Zerg

Bop

  • Race: Terran Terran

VOD

Have the link to the VOD?

Description

Time

  • Played on: May 7, 2015, 1:18 a.m.
  • Length: 9:49
Show
View Real Time Build Order
Export as new Build Order

Lethe Zerg - Winner!

Build Orders: Hatch First 

Get SALT Encoding   

  12  0:01  Drone  
  13  0:08  Drone  
  14  0:23  Extractor  
  14  0:24  Drone x2, Extractor  
  14  0:28  Overlord  
  16  0:50  Hatchery  
  16  0:53  Drone  
  17  0:57  Drone  
  17  1:01  Drone  
  17  1:03  Extractor  
  17  1:07  Drone  
  18  1:20  Spawning Pool  
  18  1:23  Drone  
  18  1:29  Drone  
  19  1:39  Drone  
  20  1:50  Drone  
  21  2:02  Drone x2  
  21  2:07  Metabolic Boost  
  23  2:08  Queen x2  
  27  2:15  Overlord  
  27  2:19  Zergling x2  
  28  2:36  Zergling x4  
  30  2:49  Drone x4  
  34  2:58  Drone x2  
  35  3:05  Overlord  
  35  3:07  Hatchery  
  35  3:10  Queen  
  36  3:24  Drone x3  
  39  3:28  Drone x5  
  39  3:33  Overlord  
  44  3:36  Overlord  
  44  3:48  Lair  
  44  3:51  Extractor  
  44  3:53  Drone x5  
  47  4:00  Overlord  
  47  4:04  Drone x4  
  47  4:08  Roach Warren  
  50  4:11  Extractor  
  50  4:12  Extractor  
  50  4:13  Overlord  
  48  4:20  Drone x4  
  48  4:21  Drone  
  53  4:26  Overlord  
  53  4:32  Overlord  
  53  4:34  Zergling x4  
  53  4:35  Zergling x4  
  57  4:42  Drone x2  
  57  4:43  Drone x3  
  57  4:44  Drone  
  63  4:48  Overlord  
  63  5:01  Spire  
  63  5:03  Roach x3  
  63  5:05  Roach  
  70  5:09  Roach x2  
  70  5:10  Drone  
  70  5:12  Drone  
  70  5:14  Drone  
  77  5:15  Drone  
  77  5:17  Extractor  
  77  5:19  Overlord, Extractor  
  75  5:29  Drone  
  75  5:30  Drone x6  
  75  5:31  Drone  
  75  5:34  Overlord  
  83  5:45  Overlord  
  83  5:49  Drone x8  
  92  5:50  Drone  
  91  5:58  Overlord  
  90  6:10  Overlord  
  86  6:16  Mutalisk x3  
  86  6:17  Mutalisk x6  
  104  6:19  Zerg Flyer Weapons Level 1  
  104  6:25  Burrow  
  104  6:28  Evolution Chamber  
  104  6:32  Zergling x6  
  107  6:33  Overseer  
  107  6:37  Mutalisk  
  107  6:38  Mutalisk  
  111  6:41  Hatchery  
  111  6:43  Overlord  
  108  6:55  Queen  
  108  6:59  Zergling x6  
  108  7:00  Zergling x26  
  125  7:08  Overlord  
  125  7:13  Drone x2  
  125  7:14  Evolution Chamber  
  126  7:16  Hydralisk Den, Glial Reconstitution  
  126  7:17  Evolution Chamber  
  126  7:19  Mutalisk  
  126  7:20  Mutalisk x3  
  120  7:40  Zerg Missile Weapons Level 1  
  114  7:47  Zergling x28  
  117  8:07  Muscular Augments  
  117  8:11  Drone x12, Overlord x3  
  129  8:20  Hydralisk x6  
  129  8:26  Roach x3  
  147  8:27  Roach  
  147  8:30  Roach  
  151  8:45  Roach, Extractor  
  151  8:46  Roach x2, Extractor  
  149  8:55  Roach x5  
  159  8:56  Roach x10  
  159  8:58  Overlord  
  179  9:03  Hydralisk  
  179  9:04  Hydralisk  
  179  9:09  Overlord  
Show
View Real Time Build Order
Export as new Build Order

Bop Terran 

Build Orders: Reaper Expand, MMM Bio, Siege Tank Drop 

Get SALT Encoding   

  12  0:01  SCV  
  13  0:13  SCV  
  14  0:21  Supply Depot  
  14  0:25  SCV  
  15  0:43  SCV  
  15  0:44  Barracks  
  15  0:49  Refinery  
  16  0:55  SCV  
  17  1:07  SCV  
  18  1:19  SCV  
  19  1:32  Orbital Command  
  19  1:33  Reaper  
  20  1:43  Command Center  
  20  1:54  Barracks  
  20  1:57  SCV  
  21  2:05  Barracks Reactor  
  21  2:10  SCV  
  22  2:22  SCV  
  23  2:27  Refinery  
  23  2:48  Barracks Tech Lab  
  23  2:54  Factory, Marine x2  
  23  2:57  Orbital Command  
  25  2:58  Supply Depot  
  25  3:00  Bunker  
  25  3:02  SCV  
  26  3:08  Supply Depot  
  26  3:09  Marine  
  26  3:12  Marine  
  28  3:14  SCV, Stimpack  
  29  3:21  Marine  
  29  3:26  SCV x2  
  32  3:38  SCV x2  
  32  3:39  Starport  
  33  3:42  Factory Tech Lab, Marine  
  34  3:50  SCV x2  
  34  3:51  Supply Depot  
  34  3:53  Marine  
  34  3:54  Marine  
  38  4:02  SCV, Siege Tank  
  42  4:06  Marine  
  43  4:10  Supply Depot, SCV  
  43  4:14  SCV  
  45  4:20  Medivac  
  45  4:21  Marine  
  45  4:22  Marine  
  45  4:23  SCV, Marine  
  51  4:26  SCV  
  52  4:34  Siege Tank  
  52  4:35  SCV  
  56  4:39  SCV, Marine  
  56  4:40  Marine  
  56  4:41  Marine  
  60  4:47  SCV  
  61  4:55  Medivac  
  61  4:56  Command Center  
  61  4:57  SCV, Marine  
  61  4:58  Marine  
  61  4:59  Marine  
  67  5:07  Barracks  
  67  5:14  Marine  
  67  5:15  Marine  
  67  5:17  Marine  
  67  5:19  Supply Depot x2  
  70  5:25  Barracks  
  70  5:31  Refinery x2  
  70  5:32  Engineering Bay  
  70  5:33  Engineering Bay  
  70  5:41  SCV x2  
  72  5:43  Marine x2  
  72  5:47  Missile Turret  
  74  5:53  SCV x2  
  76  5:58  Barracks Reactor  
  76  6:00  Terran Infantry Weapons Level 1, Terran Infantry Armor Level 1  
  76  6:05  SCV x2  
  76  6:09  Marine x3  
  81  6:13  Orbital Command  
  81  6:17  SCV x2  
  83  6:23  Starport Reactor  
  84  6:29  Armory, Marine  
  84  6:30  Marine x2  
  84  6:31  Siege Tank  
  89  6:40  Marine x2  
  89  6:41  Orbital Command  
  89  6:43  Barracks Reactor  
  91  6:47  Missile Turret, Marine  
  91  6:49  Missile Turret  
  92  6:54  Missile Turret  
  92  6:55  Missile Turret  
  92  6:59  Marine x4  
  92  7:00  Medivac  
  92  7:03  Combat Shields  
  92  7:05  Marine  
  89  7:13  Missile Turret  
  89  7:15  Missile Turret  
  89  7:16  Marine  
  89  7:17  SCV x3, Marine x2  
  89  7:19  Marine  
  89  7:20  Marine  
  89  7:22  Siege Tank  
  100  7:29  SCV  
  101  7:32  Marine x2  
  101  7:34  Marine x3  
  86  7:37  Marine  
  86  7:38  Marine  
  86  7:43  SCV x2  
  84  7:49  Orbital Command  
  84  7:50  Marine x2  
  81  7:52  Marine  
  81  7:54  Siege Tank, Medivac x2  
  85  8:05  Marine x2  
  85  8:06  Marine  
  88  8:13  Missile Turret  
  88  8:16  SCV x3  
  91  8:23  Marine x2  
  91  8:26  Marine x2  
  95  8:29  SCV x2  
  95  8:30  SCV  
  98  8:35  Missile Turret  
  98  8:39  Marine x3  
  101  9:08  Marine  
  101  9:09  SCV  
  101  9:22  SCV, Marine x2  
  101  9:23  SCV, Marine x3  
  101  9:24  Marine  
  101  9:26  Marine  
  101  9:30  SCV  
  86  9:34  SCV  
  86  9:35  SCV  
  87  9:47  Factory  
  87  9:48  Barracks x2  
Tags
 
Add a new tag
Caveats
  • Supply blocks, unpowered buildings, or Contaminate may cause inaccurate times.
  • Supply counts are checked every 10 seconds.